[Event "12th WLC Weekend 2022"]
[Site "Eindhoven"]
[Date "2022.05.14"]
[Round "2.4"]
[White "Klapwijk, Bram"]
[Black "Slagboom, Leandro"]
[Result "1/2-1/2"]
[ECO "D40"]
[WhiteElo "2245"]
[BlackElo "1997"]
[Annotator "TA"]
[PlyCount "134"]
[EventDate "2022.05.13"]
[EventType "swiss"]
[EventCountry "NED"]
[SourceTitle "playchess.com"]
[Source "ChessBase"]
[SourceQuality "1"]
[TimeControl "5400+30"]

1. e4 e6 2. d4 d5 3. Nd2 c5 4. c3 cxd4 5. cxd4 Nc6 6. Ngf3 dxe4 7. Nxe4 Nf6 8. Nc3 a6 9. Bd3 Be7 10. O-O b5 11. Be3 Bb7 12. Rc1 O-O 13. a4 {[%emt 0:10:01] D40: Queen's Gambit Declined: Semi-Tarrasch with 5 e3.} bxa4 14. Nxa4 Nb4 {[%emt 0:03:44] [#]} 15. Bb1 $146 ({Predecessor:} 15. Be2 Nbd5 16. Nc5 Qb6 17. Ne5 Rfc8 18. Bh5 g6 19. Bf3 Rc7 20. Bg5 Bc6 {0-1 (36) Ralls,R (2247)-Spooner,M IECC vs Hong Kong 1998}) 15... a5 16. Nc5 Bd5 17. Rc3 Ba2 18. Qa4 Bxb1 19. Rxb1 Nfd5 20. Rcc1 Ra7 21. Ra1 h6 22. Bd2 Bf6 23. Qb5 Qa8 24. Nd7 Rb7 (24... Rd8 $5 25. Nxf6+ Nxf6 $11) 25. Nxf6+ Nxf6 26. Qe2 Rd8 27. Rc5 Rd5 28. Qc4 Rxc5 29. dxc5 {[%emt 0:01:52] Black must now prevent Bxb4.} Nfd5 30. h3 Nc6 31. Ra2 Ndb4 {[%emt 0:00:40] Pair of Knights!} 32. Ra3 Qd8 33. Bc3 Nd3 (33... Rd7 $11 {keeps the balance.}) 34. Bxg7 $1 $16 Nxb2 (34... Qd5 $16 {is a better defense.} 35. Qxd5 (35. Qxd3 Qxd3 36. Rxd3 Kxg7 $14) 35... exd5) 35. Bxb2 $2 (35. Qa6 $18 Qc7 36. Bxh6) 35... Rxb2 $11 36. Qg4+ $40 {[%emt 0:00:42][%mdl 128] White is up to no good.} Kf8 37. Qf4 (37. Qe4 $11 Qd1+ 38. Kh2) 37... Qd1+ $2 (37... Rb1+ $1 $17 {and life is bright.} 38. Kh2 Qb8 39. Qxb8+ Rxb8) 38. Kh2 $18 Rxf2 $2 (38... Ke7 $16 {was necessary.}) 39. Qxh6+ Ke8 40. Qh8+ Kd7 41. Qh7 {[%emt 0:01:26] White wants to mate with Rd3+.} (41. Qf8 Re2 42. Qxf7+ Kc8 $18) 41... Ke8 42. Qh8+ (42. Rd3 $142 Qe2 43. Qg8+ Ke7 44. Rb3) 42... Kd7 43. Qh7 $2 (43. Qf8) 43... Ke8 $1 44. Rd3 {[%emt 0:00:29] Really sharp!} Qe2 45. Qg8+ Ke7 46. Rb3 {[%emt 0:00:23] Intending Rb7+ and mate.} Nb4 47. Qg5+ Ke8 48. Qg8+ Ke7 49. Qg5+ Ke8 $1 50. c6 $2 (50. Qg3 $1 $18) 50... Qc4 $14 51. Qg8+ (51. Ne5 $5 Rxg2+ 52. Qxg2 Qf4+ 53. Rg3 (53. Qg3 Qd2+ 54. Qg2 Qf4+ 55. Qg3 Qd2+ 56. Qg2 Qf4+ $16) 53... Qxe5 54. h4 $14) 51... Ke7 52. Qg5+ Ke8 $1 {[%emt 0:00:30] [#]} 53. Qxa5 Qxb3 $11 (53... Nxc6 $2 54. Qc7 $1 Qd5 55. Rc3 $18) 54. Qa8+ Ke7 {[%emt 0:00:06] ...Qxf3 is the strong threat.} 55. c7 $2 {[%emt 0:00:51] [#]} (55. Qa7+ $11 Kf8 56. Qc5+ (56. Qxf2 Nxc6 57. Ng5 Qb8+ 58. g3 Nd8 $14) 56... Kg7 57. Qd4+ (57. Qxf2 Nxc6 58. Qg3+ Kh8 $14) 57... Kg8 58. Qxf2 Nxc6 59. Qg3+ Kh8 60. Qh4+ Kg7 61. Qg5+ Kf8 62. h4) 55... Rxg2+ $3 $17 56. Kxg2 {[%emt 0:00:27][%csl Gc7][%cal Ra8d8][%mdl 4096] Endgame KQN-KQN} Qc2+ 57. Kf1 Qxc7 58. Qe4 Nd5 59. Qh4+ Kd7 60. Qa4+ Ke7 61. Qh4+ Ke8 62. Qh8+ {[%emt 0:01:14] [#]} Kd7 $1 63. Qh7 (63. Qg7 $142) 63... Kd6 {[%emt 0:00:41] Threatens to win with ...Qc1+.} 64. Qe4 ({White should try} 64. Qg7) 64... Qc1+ 65. Kf2 f5 (65... Qb2+ $17 66. Kg3 f5) 66. Qe5+ $11 Kd7 67. Qg7+ Kd6 {[%emt 0:00:54] White used his chance.  Weighted Error Value: White=0.58/Black=0.30} 1/2-1/2

[Event "12th WLC Weekend 2022"]
[Site "Eindhoven"]
[Date "2022.05.14"]
[Round "2.5"]
[White "Ciornei, Dragos"]
[Black "Van Roon, Sjoerd"]
[Result "0-1"]
[ECO "B33"]
[WhiteElo "2164"]
[BlackElo "2264"]
[Annotator "TA"]
[PlyCount "60"]
[EventDate "2022.05.13"]
[EventType "swiss"]
[EventCountry "NED"]
[SourceTitle "playchess.com"]
[Source "ChessBase"]
[SourceQuality "1"]
[TimeControl "5400+30"]

1. e4 c5 2. Nf3 Nc6 3. d4 cxd4 4. Nxd4 Nf6 5. Nc3 e5 6. Ndb5 d6 7. Bg5 a6 8. Na3 b5 9. Bxf6 gxf6 10. Nd5 f5 11. exf5 Bxf5 12. c3 Bg7 13. Nc2 O-O 14. Nce3 Be6 15. Bd3 f5 16. Qh5 e4 17. Bc2 Ne5 18. Nf4 {[%emt 0:06:16] Pair of Knights! B33: Sicilian: Pelikan and Sveshnikov Variations.} Qd7 19. O-O Rf6 {[%emt 0:01:36] [#]} (19... Kh8 $14) 20. Rfd1 $146 (20. Bb3 $16 Bxb3 21. axb3) ({Predecessor:} 20. Bb3 Nc4 21. a4 Rd8 22. axb5 axb5 23. Nxe6 Qxe6 24. Ra5 d5 25. Rxb5 Nxe3 26. fxe3 {0-1 (59) Chojnacki,K (2432)-Korennoi,V (2223) Wroclaw 2009}) 20... Kh8 $11 21. Qe2 (21. Bb3 $11 {remains equal.} Bg8 22. h3) 21... Rh6 (21... Bc4 $17 22. Nxc4 Nxc4) 22. a4 $2 {[%emt 0:10:55][%mdl 8192] Now White is beyond hope.} (22. Nxe6 $11 {and White is okay.} Qxe6 {[#]} 23. Nxf5 $1 Qxf5 24. Bxe4) 22... Bc4 23. Nxc4 bxc4 24. b3 $2 (24. Kh1) 24... Rg8 $19 25. bxc4 {[%emt 0:04:25] [#]} (25. Kh1 $142 Ng4 26. h3) 25... Nf3+ $1 {[%emt 0:00:47][%mdl 576] Discovered Attack, Clearance} 26. gxf3 (26. Qxf3 exf3) 26... Be5+ {[%emt 0:00:11][%mdl 64] Discovered Attack} 27. Kf1 Bxf4 28. c5 Rxh2 {[%emt 0:01:04][%cal Rh2h1] Black mates.} 29. Qc4 {[%emt 0:01:49] [#]} exf3 $1 30. Qd4+ (30. Qxg8+ Kxg8) 30... Be5 {[%emt 0:00:09] Weighted Error Value: White=1.33/Black=0.22 (precise)} 0-1

[Event "12th WLC Weekend 2022"]
[Site "Eindhoven"]
[Date "2022.05.14"]
[Round "2.6"]
[White "Baselmans, Sam"]
[Black "Becx, Cesar"]
[Result "1/2-1/2"]
[ECO "C55"]
[WhiteElo "2175"]
[BlackElo "2101"]
[Annotator "TA"]
[PlyCount "113"]
[EventDate "2022.05.13"]
[EventType "swiss"]
[EventCountry "NED"]
[SourceTitle "playchess.com"]
[Source "ChessBase"]
[SourceQuality "1"]
[TimeControl "5400+30"]

1. e4 e5 2. Nf3 Nc6 3. Bc4 Nf6 4. d3 Be7 5. O-O O-O 6. Re1 d6 7. a4 Kh8 8. a5 {[%emt 0:00:27] C55: Two Knights: 4 d3, 4 d4 exd4 5 e5 and Max Lange Attack.} a6 9. h3 {[%emt 0:02:35] [#] Recently 9.Nc3 got a lot of attention.} Qe8 $146 ({Predecessor:} 9... Ng8 10. Nc3 f5 11. Nd5 Nf6 12. c3 Nxd5 13. Bxd5 Bf6 14. b4 Qe8 15. Ra2 Ne7 {1-0 (62) Jumabayev,R (2646)-Moiseenko,V (2526) Moscow 2019}) 10. Nc3 {[%emt 0:06:22] White is slightly better.} Be6 11. Nd5 Bd8 12. c3 Nd7 13. Ng5 Nxa5 14. Rxa5 {[%emt 0:43:56] Hoping for Qh5.} c6 {[%emt 0:00:28][%csl LRa5,LRd5] [#]} 15. Ra1 cxd5 16. Nxe6 $40 {[%emt 0:01:15][%mdl 128] White attacks.} fxe6 17. exd5 Qf7 (17... Nf6 $14) 18. dxe6 $16 {[%emt 0:05:46] Active counter play!} Qxf2+ 19. Kh1 Nf6 20. Rf1 Qh4 {[%emt 0:09:25] [#]} (20... Qc5 $16) 21. Bd5 $1 Be7 (21... Bb6 22. Bxb7) 22. Bxb7 Rab8 23. Ra4 e4 $2 (23... Qg3 $16) 24. Rf4 $2 (24. Bxa6 Ng4 25. Kg1 (25. Rxe4 Nf2+ 26. Rxf2 Qxf2 $11) (25. Rxf8+ $2 Rxf8 26. Rxe4 Nf2+ 27. Kg1 Qxe4 $19) 25... Rxf1+ 26. Qxf1 Rf8 $11) (24. Bxe4 $18 {Strongly threatening Bf3.} Nxe4 25. Rxe4 Rxf1+ 26. Qxf1) 24... Qg3 $11 25. Bxe4 {[%emt 0:01:07] Black must now prevent Bf5.} Rxb2 (25... d5 $1 $14 26. Bf5 (26. Rf3 Nxe4 27. Rxg3 Nf2+ 28. Kh2 Nxd1 $17) 26... Bd6) 26. Rxf6 (26. Rxa6 Nxe4 27. Bxb2 (27. Rxf8+ $2 Bxf8 28. Qf3 Nf2+ 29. Kg1 Nxh3+ 30. Kh1 Qe1+ 31. Kh2 Rf2 $19) 27... Qxf4 28. dxe4 Qxe4 $11) ({White should try} 26. Bxb2 $16 Qxf4 27. Bf3) 26... Bxf6 27. e7 $1 {[%emt 0:02:30] Really sharp!} (27. Bxb2 $2 {is a self mate.} Be5 28. Qg1 Rf1 $3 29. Qxf1 Qh2#) 27... Bxe7 {[%emt 0:00:13] Threatens to win with ...Rbf2.} 28. Bxb2 {[%emt 0:00:34] A strong pair of Bishops.} d5 $1 {[%emt 0:00:03] ( -> ...Bd6)} 29. Ba3 (29. Bxd5 {leads to mate.} Bd6) 29... Bxa3 30. Rxa3 dxe4 31. dxe4 {[%emt 0:00:06][%mdl 4096] Endgame KQR-KQR} h6 32. Rxa6 Qxc3 33. Ra2 Qf6 34. Re2 Re8 35. Qd3 Qa1+ 36. Kh2 Qe5+ 37. Qg3 Qb5 38. Re3 Re5 39. Qf4 Qc5 40. Rd3 Qe7 41. Rd7 Qe6 (41... Rxe4 $2 42. Qb8+ (42. Rxe7 Rxf4 43. g4 Rb4 $11) 42... Kh7 43. Rxe7 $18) 42. Rd4 Kg8 43. Ra4 Kh7 44. Qg3 Rg5 45. Qf4 (45. Qf2 {keeps more tension.} Qe8 46. Rc4 Qb5 47. Qc2) 45... Re5 46. Rb4 Kg8 47. Rd4 Kh7 48. Qf3 Qe7 49. Qd3 Kg8 50. Rd8+ Kh7 51. Rd5 Rxe4 $2 {[%emt 0:00:11][%mdl 8192] [#]} (51... h5 $11) 52. g3 $2 (52. Kh1 $1 $18 {White threatens Rd4 and mate.} Kg8 53. Rd8+ Kf7 54. Rd7) 52... Kg8 {[%emt 0:00:37] The position is equal.} 53. Rd8+ Kf7 $1 54. Rd7 Re2+ 55. Kg1 Re1+ 56. Kf2 Re2+ 57. Kf1 {[%emt 0:00:32] Weighted Error Value: White=0.32/Black=0.17 (very precise)} 1/2-1/2

[Event "12th WLC Weekend 2022"]
[Site "Eindhoven"]
[Date "2022.05.14"]
[Round "2.7"]
[White "Boeren, Jurriaan"]
[Black "Iolis, Oleg"]
[Result "1/2-1/2"]
[ECO "B90"]
[WhiteElo "1778"]
[BlackElo "2201"]
[Annotator "TA"]
[PlyCount "127"]
[EventDate "2022.05.13"]
[EventType "swiss"]
[EventCountry "NED"]
[SourceTitle "playchess.com"]
[Source "ChessBase"]
[SourceQuality "1"]
[TimeControl "5400+30"]

1. e4 c5 2. Nf3 d6 3. d4 cxd4 4. Nxd4 Nf6 5. Nc3 a6 6. h3 e5 {[%emt 0:00:24] The main line 6...e5 scores better than 6...e6.} 7. Nde2 h5 {[%emt 0:00:21] B90: Sicilian Najdorf: Unusual White 6th moves, 6 Be3 Ng4 and 6 Be3 e5.} 8. Bg5 Be6 9. Bxf6 Qxf6 {[%emt 0:00:05] The position is equal.} 10. Nd5 Qd8 11. Qd3 g6 12. O-O-O Nd7 13. Kb1 Rc8 14. Nec3 Nc5 15. Qf3 Bg7 {[%emt 0:00:29] Prevents Nf6+.} 16. Be2 O-O {[%emt 0:04:42] [#]} 17. g4 $146 ({Predecessor:} 17. Ne3 b5 18. Ncd5 Bxd5 19. Nxd5 Ne6 20. c3 Nc7 21. g4 h4 22. Nxc7 Rxc7 23. Qe3 {0-1 (72) Gu,T (2180)-Song,Y (1912) Tianjin 2019}) 17... h4 18. Rhg1 Qg5 19. Ne3 (19. Qe3 $5 Bh6 20. a3 $11) 19... Rfd8 20. Nf5 Bf8 (20... gxf5 $2 21. gxf5 Qf6 22. Qh5 $18 (22. fxe6 Qxf3 23. Bxf3 fxe6 $16)) (20... b5 $5 ) 21. Qe3 Qxe3 22. Nxe3 b5 23. a3 Rb8 24. b4 Nd7 25. Ncd5 {[%emt 0:06:29] Against Be7} Rdc8 26. g5 Nb6 27. Nxb6 Rxb6 28. Bg4 a5 29. Nd5 Ra6 30. Kb2 Rc4 (30... axb4 $11 31. Nxb4 Ra4) 31. Be2 $14 Bxd5 32. Rxd5 Rxe4 33. Bxb5 Ra7 34. c3 (34. Bd3 $16 Rf4 35. Rxa5) 34... Rf4 35. Rf1 e4 36. Be2 axb4 37. axb4 Bg7 38. Rxd6 {[%emt 0:01:56] [#]} (38. Kb3 $1 $11) 38... e3 (38... Rc7 $1 $17 39. Rc1 (39. Rd8+ $2 Kh7 $17) 39... Rxf2 40. Rd8+ Kh7) 39. Rd8+ $11 ({Not} 39. fxe3 $2 Rxb4+ 40. Kc1 (40. Kc2 $2 Ra2+ 41. Kc1 Bxc3 $19) 40... Ra1+ 41. Kc2 Ra2+ 42. Kc1 Bxc3 $19) 39... Kh7 {[%emt 0:00:11] White must now prevent ...Rxb4+.} 40. Kb3 (40. fxe3 $5 Rxb4+ 41. Kc2 $11) 40... exf2 41. Bg4 Re7 {[%emt 0:00:44] ...Re3 is the strong threat.} (41... Rc7 $5 42. Rd3 Be5 $15) 42. Rd2 Re3 43. Rdxf2 Rxc3+ 44. Ka4 Rxf2 45. Rxf2 {[%emt 0:00:01][%mdl 4096] Endgame KRB-KRB} Kg8 46. Rf4 Bf8 47. Kb5 Be7 48. Rc4 Re3 49. Rc8+ Kg7 50. Re8 Bxg5 51. Rxe3 Bxe3 $15 {[%emt 0:00:02] KB-KB} 52. Kc4 f5 53. Bf3 Kf6 {[%emt 0:00:09] [#] aiming for ...Ke5.} 54. Kd3 Bb6 {[%emt 0:00:14] Hoping for ...Kg5.} 55. Ke2 $1 Ke5 {[%emt 0:00:05] And now ...Kf4 would win.} 56. Kf1 $1 Kf4 57. Kg2 Ke3 58. Bd1 g5 59. Bh5 Bd8 60. Bd1 Kf4 61. Bh5 Bc7 62. Bd1 g4 63. hxg4 (63. b5 $15) 63... fxg4 $19 {[%emt 0:00:03] ( -> ...h3+)} 64. Bxg4 $2 {[%emt 0:00:09][%mdl 32768] Weighted Error Value: White=0.15 (very precise) /Black=0.10 (very precise) . An unexpected result.} (64. Be2 {keeps fighting.}) 1/2-1/2

[Event "12th WLC Weekend 2022"]
[Site "Eindhoven"]
[Date "2022.05.14"]
[Round "2.8"]
[White "Jansen, Bob"]
[Black "Van der Velden, Alain"]
[Result "1-0"]
[ECO "A80"]
[WhiteElo "2174"]
[BlackElo "1659"]
[Annotator "TA"]
[PlyCount "45"]
[EventDate "2022.05.13"]
[EventType "swiss"]
[EventCountry "NED"]
[SourceTitle "playchess.com"]
[Source "ChessBase"]
[SourceQuality "1"]
[TimeControl "5400+30"]

1. d4 f5 2. Bg5 g6 3. Nc3 Bg7 4. h4 h6 5. Bf4 Nf6 6. e3 {[%emt 0:00:16] A80: Dutch Defence: Unusual White second moves.} O-O 7. Qf3 {[%emt 0:02:33] next Qg3 is good for White.} d6 8. Bc4+ {[%emt 0:03:46] White has an edge.} Kh7 9. Nh3 {[%emt 0:05:07][%cal Oh3g5] [#] aiming for Ng5+!} e6 $146 {[%emt 0:06:30] [#] Loses the game.} (9... Qe8 $1 $14) ({Predecessor:} 9... Qe8 10. Bg5 c6 11. Bxf6 Bxf6 12. Ng5+ Kg7 13. Ne6+ Bxe6 14. Bxe6 Na6 15. g4 Nc7 {1-0 (36) Edouard,R (2640)-Dionisi,T (2392) Chartres 2017}) 10. Ng5+ $1 $18 hxg5 (10... Kh8 $142) 11. hxg5+ Nh5 12. Rxh5+ gxh5 (12... Kg8 $142 13. Rh2 Nc6) 13. Qxh5+ Kg8 14. g6 {[%emt 0:01:37][%csl Gg6][%cal Rh5h7] [#]} Rf6 15. Qh7+ Kf8 16. Bh6 Rxg6 17. Qxg6 Bxh6 18. Qxh6+ Kf7 19. Nd5 {[%emt 0:02:53][%cal Oe1c1] Intending 0-0-0! and mate.} Nd7 20. Qh7+ Ke8 21. Qh8+ Nf8 22. Nf6+ (22. Qh5+ $142 Ng6 23. Qxg6+ Kf8 24. Qh6+ Kg8 25. Nf6+ Kf7 26. Qh7+ Kxf6 27. Qh4+ Kf7 28. Qxd8) 22... Kf7 23. Qh7+ $4 {[%emt 0:00:02][%mdl 40960] Weighted Error Value: White=0.29 (precise) /Black=1.19. Loss on time!?} 1-0

[Event "12th WLC Weekend 2022"]
[Site "Eindhoven"]
[Date "2022.05.14"]
[Round "2.9"]
[White "Verweij, David"]
[Black "Roebers, Eline"]
[Result "0-1"]
[ECO "A04"]
[WhiteElo "1728"]
[BlackElo "2369"]
[Annotator "TA"]
[PlyCount "108"]
[EventDate "2022.05.13"]
[EventType "swiss"]
[EventCountry "NED"]
[SourceTitle "playchess.com"]
[Source "ChessBase"]
[SourceQuality "1"]
[TimeControl "5400+30"]

1. Nf3 f5 2. e4 fxe4 3. Ng5 Nf6 4. d3 e3 5. Bxe3 e5 6. d4 Nc6 {[%emt 0:05:45] A04: Unusual lines after 1 Nf3 and King's Indian Attack.} (6... exd4 $1 $11 7. Bxd4 (7. Qxd4 Nc6 $11) 7... Nc6) 7. d5 $1 $16 Ne7 8. c4 (8. Nc3 $16) 8... Nf5 {[%emt 0:02:47] [#] White has an edge.} 9. Bd3 $146 ({Predecessor:} 9. Bd2 Bc5 10. Bd3 d6 11. Nc3 O-O 12. O-O h6 13. Nge4 Bd4 14. Nxf6+ Qxf6 15. Ne4 {0-1 (47) Samsonov,E (1765)-Shibaev,F (2332) Armavir 2010}) 9... Nxe3 10. fxe3 Bb4+ $1 11. Nd2 {[%emt 0:02:33][%cal Bb1d2,Bd2e4,Be4f6][%mdl 32] Hoping for 0-0.} O-O (11... Qe7 $5 ) 12. O-O {[%emt 0:00:42][%cal Od5d6] Black must now prevent d6!} Qe7 ({Black should try} 12... g6 $14) 13. Nde4 $18 {[%emt 0:05:16] Pair of Knights!} g6 14. Nxf6+ Rxf6 15. Rxf6 Qxf6 16. Qg4 ({White must play} 16. Ne4 $18 Qe7 17. d6 Bxd6 18. Qf3) 16... Bc5 17. Qg3 (17. Re1 $11 Be7 18. h4) 17... Qf4 $1 $15 18. Re1 ({Much worse is} 18. Qxf4 exf4 19. Kf1 Bxe3 $17) 18... Qxg3 19. hxg3 Be7 20. Ne4 d6 21. Rf1 Bf5 22. Kf2 a6 23. Ke2 Kg7 24. a4 a5 25. b3 h5 26. Kd2 Rh8 27. Rh1 Bd7 28. Be2 b6 29. Bf3 Rf8 30. Rf1 Bf5 {[%emt 0:00:00] ...Bxe4 is the strong threat.} 31. Kd3 {[%emt 0:01:11] [#]} (31. Nf2 $11) 31... Kh6 (31... g5 $1 $19 {Strongly threatening ...g4.} 32. Rb1 g4) 32. Be2 g5 33. Rh1 {[%emt 0:02:23] [#]} (33. g4 $15 hxg4 34. Rh1+ Kg7 35. g3) 33... g4 $1 $19 34. Rf1 Kg6 35. Rg1 Bxe4+ 36. Kxe4 $17 {[%emt 0:00:06][%mdl 4096] Endgame KRB-KRB} Rf2 37. Kd3 (37. Bd3 $17) 37... e4+ $19 38. Kd2 Bf6 $2 (38... Bg5 $19 {is more deadly.} 39. c5 dxc5) 39. Ke1 $17 Rf5 {[%emt 0:00:04] Threatens to win with ...Bc3+. Black is more active.} 40. Bd1 Be5 41. Bc2 $2 (41. Ke2 $17) 41... Bxg3+ $19 42. Kd1 Kg5 43. Kc1 $2 (43. Bb1) 43... Bf2 44. Rh1 Bxe3+ 45. Kd1 Rf2 {[%emt 0:02:24] And now ...Rd2+ would win.} 46. Bxe4 h4 47. Re1 Kf4 48. Bg6 Rd2+ 49. Kc1 Rxg2+ 50. Kd1 Rd2+ {[%emt 0:00:33] Black mates.} 51. Kc1 Re2+ 52. Kd1 Rxe1+ 53. Kxe1 h3 54. Kf1 g3 {[%emt 0:00:03] Quite a comeback for Black.  Weighted Error Value: White=0.79/Black=0.31} 0-1

[Event "12th WLC Weekend 2022"]
[Site "Eindhoven"]
[Date "2022.05.14"]
[Round "2.10"]
[White "Elgersma, Onno"]
[Black "Broekhuis, Jan"]
[Result "1-0"]
[ECO "C11"]
[WhiteElo "2303"]
[BlackElo "1845"]
[Annotator "TA"]
[PlyCount "35"]
[EventDate "2022.05.13"]
[EventType "swiss"]
[EventCountry "NED"]
[SourceTitle "playchess.com"]
[Source "ChessBase"]
[SourceQuality "1"]
[TimeControl "5400+30"]

1. e4 e6 2. d4 d5 3. Nc3 Nf6 4. e5 Nfd7 5. f4 a6 6. Nf3 c5 7. Be3 Nc6 8. Qd2 b5 9. a3 Bb7 {[%emt 0:03:18] C11: French: Classical System: 4 e5 and 4 Bg5 dxe4.} 10. Be2 Rc8 11. O-O Qc7 {[%emt 0:03:06] [#] The position is equal.} 12. Rad1 $146 (12. f5 {feels hotter.} cxd4 13. Nxd4 Qxe5 14. fxe6 fxe6 15. Bg4) ({Predecessor:} 12. Rae1 Be7 13. Bd3 cxd4 14. Nxd4 Nxd4 15. Bxd4 Nc5 16. Be2 Ne4 17. Nxe4 dxe4 18. c3 {½-½ (31) Hansen,J (1909)-Olsen,B (1832) Frederiksberg 2019}) 12... Nxd4 13. Nxd4 cxd4 14. Bxd4 Bc5 15. Kh1 Bxd4 16. Qxd4 Qc5 17. Ne4 O-O $2 {[%emt 0:02:17][%mdl 8192] [#]} 18. Nxc5 {[%emt 0:00:50] Weighted Error Value: White=0.16 (very precise) /Black=0.12 (very precise)} 1-0

[Event "12th WLC Weekend 2022"]
[Site "Eindhoven"]
[Date "2022.05.14"]
[Round "2.11"]
[White "Geboers, Jimmy"]
[Black "Bruil, Rembrandt"]
[Result "0-1"]
[ECO "E14"]
[WhiteElo "1845"]
[BlackElo "2122"]
[Annotator "TA"]
[PlyCount "125"]
[EventDate "2022.05.13"]
[EventType "swiss"]
[EventCountry "NED"]
[SourceTitle "playchess.com"]
[Source "ChessBase"]
[SourceQuality "1"]
[TimeControl "5400+30"]

1. d4 d5 2. c4 e6 3. Nc3 Be7 4. e3 Nf6 5. Nf3 O-O 6. Bd3 b6 7. O-O Bb7 8. b3 Nbd7 9. Bb2 c5 10. cxd5 exd5 11. dxc5 bxc5 12. Qe2 Re8 13. Ba6 {[%emt 0:05:17] [#] E14: Queen's Indian: Classical Variation (4 e3).} Qb6 $146 ({Predecessor:} 13... Bc6 14. Rfd1 Rb8 15. Bb5 Rxb5 16. Nxb5 Qb8 17. Na3 Bd6 18. h3 Ne4 19. Rac1 Re6 20. Rc2 a5 {½-½ (64) Votruba,P-Renman,N (2400) Prague 1979}) 14. Bxb7 Qxb7 15. Qb5 {[%emt 0:01:53] White has an edge.} Qc7 16. Rfd1 Rab8 17. Qd3 Nb6 18. Nb5 Qd7 {[%emt 0:08:15] [#] ...c4 is the strong threat.} (18... Qb7 {is interesting.} 19. Bxf6 Bxf6 20. Nd6 Qe7) 19. Bxf6 Bxf6 20. Rac1 Rbc8 21. Nc3 Red8 22. Qb5 Qxb5 23. Nxb5 a6 24. Nc3 Kf8 25. a4 ({Better is} 25. g3 $11) 25... a5 26. Kf1 (26. Nb5 $11) 26... c4 $15 27. bxc4 Rxc4 28. Nd4 Rdc8 $36 {[%emt 0:06:48][%mdl 2048] Black is on the roll.} 29. Nce2 Nxa4 30. Nb3 Rxc1 {[%emt 0:07:35] Black is more active.} 31. Rxc1 Rxc1+ 32. Nexc1 $17 {[%emt 0:00:11][%mdl 4096] Endgame KBN-KNN} Bd8 33. Ke2 Nb2 34. Kd2 Bb6 35. Ne2 Nc4+ 36. Kc3 Nd6 37. Nd2 Ke7 38. Nf4 Nb5+ 39. Kb3 Kd6 40. Ne2 Kc6 41. Ka4 Nd6 42. Nb3 {[%emt 0:01:32] White does not recover from this.} (42. Nf3 $17) 42... Ne4 $19 43. f3 $2 (43. Nbd4+ Kc5 44. f3) 43... Nc5+ 44. Nxc5 Kxc5 {[%emt 0:00:10] KB-KN} ({Worse is} 44... Bxc5 45. Kxa5 Bxe3 46. Kb4 $17) 45. Nd4 (45. Kb3 $142 a4+ 46. Kc3 (46. Kxa4 $2 Kc4 $19)) 45... Kc4 46. Nf5 g6 47. Nd6+ Kd3 48. e4 dxe4 49. Nxe4 Bd8 50. Nd6 f6 51. Nb7 Bc7 52. Nc5+ Ke2 53. Ne6 Bd6 54. f4 Bb4 55. g4 Kf3 56. g5 f5 {[%emt 0:00:05][%cal Bf6f5,Bf5f4,Bf4f3][%mdl 32] [#] Hoping for ...Kg4.} 57. Kb3 Kg4 {[%emt 0:00:23] aiming for ...Bd6.} 58. Kc4 Bd6 59. Kd5 Bxf4 60. Nf8 Bxg5 61. Nxh7 f4 62. Nf8 f3 63. Kd4 {[%emt 0:00:53] Weighted Error Value: White=0.86/Black=0.13 (very precise)} 0-1

[Event "12th WLC Weekend 2022"]
[Site "Eindhoven"]
[Date "2022.05.14"]
[Round "2.12"]
[White "Zepeda, Lorena"]
[Black "Dekker, Marvin"]
[Result "1-0"]
[ECO "B90"]
[WhiteElo "2130"]
[BlackElo "2014"]
[Annotator "TA"]
[PlyCount "40"]
[EventDate "2022.05.13"]
[EventType "swiss"]
[EventCountry "NED"]
[SourceTitle "playchess.com"]
[Source "ChessBase"]
[SourceQuality "1"]
[TimeControl "5400+30"]

1. e4 c5 2. Nf3 d6 3. d4 cxd4 4. Nxd4 Nf6 5. Nc3 a6 6. Be3 e5 7. Nb3 Be6 8. f3 Be7 9. Qd2 O-O 10. O-O-O Nbd7 11. g4 b5 12. g5 b4 {[%emt 0:00:31] 12...Nh5 gains popularity.} 13. Na4 {[%emt 0:04:35] B90: Sicilian Najdorf: Unusual White 6th moves, 6 Be3 Ng4 and 6 Be3 e5.} Ne8 14. h4 {[%emt 0:04:06] [#]} {Predecessor:} Rb8 $146 15. Qd3 f6 16. f4 exf4 17. Bxf4 Ne5 18. Qg3 Qc7 19. Nd4 Bg4 20. Rd2 Bd7 {1-0 (37) Dunlop,G (2511)-Henri,J (2361) ICCF email 2017} 1-0

[Event "12th WLC Weekend 2022"]
[Site "Eindhoven"]
[Date "2022.05.14"]
[Round "2.13"]
[White "Van Jaarsveld, Henk"]
[Black "Roebers, Jan"]
[Result "0-1"]
[ECO "C31"]
[WhiteElo "1832"]
[BlackElo "2126"]
[Annotator "TA"]
[PlyCount "58"]
[EventDate "2022.05.13"]
[EventType "swiss"]
[EventCountry "NED"]
[SourceTitle "playchess.com"]
[Source "ChessBase"]
[SourceQuality "1"]
[TimeControl "5400+30"]

1. e4 e5 2. f4 d5 3. exd5 c6 4. dxc6 Nxc6 5. Nc3 exf4 6. Nf3 {[%emt 0:00:39] Inhibits Qh4+. C31: Falkbeer Counter Gambit: 3 exd5 c6 and 3...e4 sidelines..} Bd6 7. Bb5 Nge7 8. d4 {[%emt 0:03:19] The position is equal.} O-O 9. O-O {[%emt 0:00:33] [#]} Qb6 $146 ({Predecessor:} 9... Bg4 10. Ne4 Bc7 11. c3 Re8 12. Bd3 h6 13. Qc2 Nd5 14. Bd2 Bh5 15. Rae1 Bg6 {1-0 (89) Niehaus,F (2163)-Boettcher,P (2076) Berlin 2019}) 10. Kh1 ({White should try} 10. Be2 $11) 10... Bg4 $15 11. Bxc6 bxc6 12. Ne4 Bc7 {[%emt 0:01:39] Black is more active.} 13. c3 Rfe8 14. Qb3 Nd5 15. Nc5 Bd6 16. h3 $2 {[%emt 0:10:24] [#] This costs White the game.} (16. Nd3 $17 {was necessary.}) 16... Bxf3 $19 17. gxf3 Bxc5 18. dxc5 Qxc5 19. Bd2 $2 (19. Qc2) 19... Re2 20. Rad1 Nb6 21. Be1 Qf5 22. Rf2 Qxh3+ 23. Kg1 Qg3+ 24. Kf1 Rxf2+ 25. Bxf2 Qxf3 {[%emt 0:00:10] [#] Hoping for ...Re8.} 26. Re1 Rd8 {[%emt 0:03:29] ( -> ...Qh3+)} 27. c4 Qh1+ 28. Bg1 f3 29. Qc2 Qh3+ {[%emt 0:00:10] Weighted Error Value: White=1.24/Black=0.23 (precise)} 0-1